 Dungeon Crawl Stone Soup version 0.27-a0-1071-ga85bd9520d (webtiles) character file.

Game seed: 7835821490962881697

1535424 Charly the Impregnable (level 27, 233/233 HPs)
             Began as a Formicid Fighter on Apr 23, 2021.
             Was an Initiate of Gozag.
             Escaped with the Orb
             ... and 3 runes on Apr 24, 2021!
             The game lasted 07:30:34 (88987 turns).

Charly the Impregnable (Formicid Fighter)          Turns: 88987, Time: 07:30:34

Health: 233/233    AC: 36    Str: 28    XL:     27
Magic:  23/23      EV: 22    Int:  5    God:    Gozag
Gold:   5558       SH: 30    Dex: 19    Spells: 26/26 levels left

rFire    + + +     SeeInvis +   a - +9 great sword (flame)
rCold    + + +     Faith    .   K - +8 tower shield {rF+}
rNeg     + + .     Spirit   .   Z - +5 pearl dragon scales
rPois    +         Reflect  .   (helmet unavailable)
rElec    +         Harm     .   j - +2 cloak {Will+}
rCorr    +         Rampage  .   B - +2 pair of gloves {Str+3}
Will     ++++.                  D - +1 pair of boots "Teneolif" {rN+}
Stlth    ++........             o - necklace of Bloodlust {*Rage +Rage Will++ Int-3 Slay+6}
HPRegen  0.48/turn              l - ring "Zoarom" {Fly rPois rF++ Int-3 Dex+9}
MPRegen  0.18/turn              c - ring "Kyrgheph" {rC+++ Will- rCorr Str-4 Slay+4}

@: flying, bribing [the Dungeon]
A: permanent stasis, dig shafts and tunnels, antennae 3, four strong arms,
screaming 1, electricity resistance, weak 1, wild magic 1
0: Orb of Zot
}: 3/15 runes: serpentine, barnacled, silver
a: Dig, Shaft Self, Renounce Religion, Potion Petition, Call Merchant, Bribe
Branch


You escaped.
You worshipped Gozag.
Gozag was greatly pleased with you.
You visited 10 branches of the dungeon, and saw 50 of its levels.
You also visited: Ossuary, Gauntlet and Ice Cave.

You collected 33198 gold pieces.
You spent 14301 gold pieces at shops.
You paid 13339 gold pieces to Gozag.

Inventory:

Hand Weapons
 a - a +9 great sword of flaming (weapon)
 b - a +6 vorpal great sword
 W - the +7 dagger "Sit Fuss" {drain, rElec Str+2 Int+2 SInv}
   (You found it on level 14 of the Dungeon)

   A truly terrible weapon, it drains the life of those it strikes.
   It affects your strength (+2).
   It affects your intelligence (+2).
   It insulates you from electricity.
   It lets you see invisible.
Missiles
 e - 8 boomerangs of dispersal
 x - 2 datura-tipped darts
 E - 14 curare-tipped darts
 H - 39 silver javelins
 L - 11 throwing nets
 M - 15 atropa-tipped darts (quivered)
Armour
 j - a +2 cloak of willpower (worn)
 B - a +2 pair of gloves of strength (worn)
 C - the +5 plate armour "Oxtamir" {Fly rElec rC+ Slay+2}
   (You bought it in a shop on level 4 of the Snake Pit)

   It affects your accuracy and damage with ranged weapons and melee attacks
   (+2).
   It protects you from cold.
   It insulates you from electricity.
   It grants you flight.
 D - the +1 pair of boots "Teneolif" (worn) {rN+}
   (You found it in a Gauntlet)

   It protects you from negative energy.
 K - a +8 tower shield of fire resistance (worn)
 Z - +5 pearl dragon scales (worn)
Jewellery
 c - the ring "Kyrgheph" (right hand) {rC+++ Will- rCorr Str-4 Slay+4}
   (You bought it in a shop on level 2 of the Orcish Mines)

   [ring of slaying]

   It affects your strength (-4).
   It affects your accuracy and damage with ranged weapons and melee attacks
   (+4).
   It renders you almost immune to cold.
   It protects you from acid and corrosion.
   It decreases your willpower.
 l - the ring "Zoarom" (left hand) {Fly rPois rF++ Int-3 Dex+9}
   (You bought it in a shop on level 2 of the Orcish Mines)

   [ring of flight]

   It affects your intelligence (-3).
   It affects your dexterity (+9).
   It greatly protects you from fire.
   It protects you from poison.
   It grants you flight.
 n - the ring of Vehumet's Pride {+Blink rN+ Str+6 Int+2 SInv}
   (You found it on level 3 of the Depths)

   [ring of strength]

   It affects your strength (+6).
   It affects your intelligence (+2).
   It protects you from negative energy.
   It lets you see invisible.
   It lets you blink.
 o - the necklace of Bloodlust (around neck) {*Rage +Rage Will++ Int-3 Slay+6}
   (You took it off a deep elf death mage on level 3 of the Elven Halls)

   [amulet of nothing]

   It affects your intelligence (-3).
   It affects your accuracy and damage with ranged weapons and melee attacks
   (+6).
   It lets you go berserk.
   It may make you go berserk in combat.
   It greatly increases your willpower.
Wands
 y - a wand of mindburst (37)
 F - a wand of acid (22)
 G - a wand of paralysis (42)
 Q - a wand of iceblast (34)
 R - a wand of digging (18)
 X - a wand of charming (14)
Scrolls
 d - 3 scrolls of brand weapon
 f - 4 scrolls of immolation
 m - 7 scrolls of magic mapping
 p - 5 scrolls of summoning
 t - 10 scrolls of fear
 z - 5 scrolls of vulnerability
 I - 5 scrolls of silence
 J - 9 scrolls of fog
 T - 3 scrolls of holy word
 U - 6 scrolls of torment
Potions
 g - 6 potions of lignification
 i - 35 potions of curing
 q - 5 potions of magic
 r - 6 potions of cancellation
 u - 15 potions of heal wounds
 v - 6 potions of attraction
 N - 9 potions of flight
 S - a potion of resistance
 V - 3 potions of might
Miscellaneous
 h - a box of beasts
 k - a lightning rod (4/4)
 s - a phantom mirror
 w - a tin of tremorstones (2/2)
 O - a condenser vane
 Y - a phial of floods (inert)


   Skills:
 + Level 22.8 Fighting
 - Level 20.0 Long Blades
 - Level 16.0 Throwing
 + Level 22.8 Armour
 + Level 18.0 Dodging
 - Level 15.0 Stealth
 - Level 15.0 Shields
 + Level 19.1 Evocations


You had 26 spell levels left.
You didn't know any spells.
Your spell library contained the following spells:

 Spells                   Type           Power      Damage    Failure   Level
 Animate Skeleton         Necr           0%         N/A       73%         1
 Apportation              Tloc           0%         N/A       73%         1
 Beastly Appendage        Tmut           0%         N/A       73%         1
 Corona                   Hex            0%         N/A       73%         1
 Foxfire                  Conj/Fire      0%         2x1d4     73%         1
 Freeze                   Ice            0%         1d3       73%         1
 Magic Dart               Conj           0%         1d3       73%         1
 Pain                     Necr           0%         1d4       73%         1
 Sandblast                Erth           0%         2d4       73%         1
 Shock                    Conj/Air       0%         1d3       73%         1
 Summon Small Mammal      Summ           0%         N/A       73%         1
 Call Imp                 Summ           0%         N/A       85%         2
 Corpse Rot               Necr/Air       N/A        N/A       85%         2
 Ensorcelled Hibernation  Hex/Ice        0%         N/A       85%         2
 Poisonous Vapours        Pois/Air       0%         N/A       85%         2
 Slow                     Hex            0%         N/A       85%         2
 Static Discharge         Conj/Air       0%         N/A       85%         2
 Wereblood                Tmut           0%         N/A       85%         2
 Call Canine Familiar     Summ           0%         N/A       97%         3
 Confusing Touch          Hex            0%         N/A       97%         3
 Conjure Flame            Conj/Fire      0%         6-21      97%         3
 Dazzling Flash           Conj/Hex       0%         N/A       97%         3
 Inner Flame              Hex/Fire       0%         N/A       97%         3
 Lesser Beckoning         Tloc           0%         N/A       97%         3
 Mephitic Cloud           Conj/Pois/Air  0%         N/A       97%         3
 Portal Projectile        Hex/Tloc       0%         N/A       97%         3
 Spider Form              Tmut/Pois      0%         N/A       97%         3
 Stone Arrow              Conj/Erth      0%         3d7       97%         3
 Summon Guardian Golem    Hex/Summ       0%         N/A       97%         3
 Tukima's Dance           Hex            0%         N/A       97%         3
 Vampiric Draining        Necr           0%         2d6       97%         3
 Airstrike                Air            0%         N/A       100%        4
 Animate Armour           Summ/Erth      0%         N/A       100%        4
 Animate Dead             Necr           0%         N/A       100%        4
 Cause Fear               Hex            0%         N/A       100%        4
 Fulminant Prism          Conj/Hex       0%         3d6       100%        4
 Ice Form                 Ice/Tmut       0%         N/A       100%        4
 Leda's Liquefaction      Hex/Erth       0%         N/A       100%        4
 Sticky Flame             Conj/Fire      0%         2d3       100%        4
 Summon Ice Beast         Ice/Summ       0%         N/A       100%        4
 Summon Lightning Spire   Summ/Air       0%         N/A       100%        4
 Agony                    Necr           0%         N/A       100%        5
 Alistair's Intoxication  Tmut/Pois      0%         N/A       100%        5
 Bolt of Magma            Conj/Fire/Erth 0%         4d4       100%        5
 Borgnjor's Vile Clutch   Necr/Erth      0%         N/A       100%        5
 Fireball                 Conj/Fire      0%         3d3       100%        5
 Hydra Form               Tmut           0%         N/A       100%        5
 Irradiate                Conj/Tmut      0%         3d13      100%        5
 Iskenderun's Battlesphe  Conj           0%         2d6       100%        5
 Lightning Bolt           Conj/Air       0%         1d11      100%        5
 Metabolic Englaciation   Hex/Ice        0%         N/A       100%        5
 Silence                  Hex/Air        0%         N/A       100%        5
 Summon Forest            Summ/Tloc      0%         N/A       100%        5
 Yara's Violent Unravell  Hex/Tmut       0%         3d3       100%        5
 Blade Hands              Tmut           0%         N/A       100%        6
 Death Channel            Necr           0%         N/A       100%        6
 Eringya's Noxious Bog    Tmut/Pois      0%         N/A       100%        6
 Freezing Cloud           Conj/Ice/Air   0%         6-21      100%        6
 Invisibility             Hex            0%         N/A       100%        6
 Iron Shot                Conj/Erth      0%         9d1       100%        6
 Shadow Creatures         Summ           N/A        N/A       100%        6
 Simulacrum               Ice/Necr       0%         N/A       100%        6
 Statue Form              Tmut/Erth      0%         N/A       100%        6
 Dragon Form              Tmut           0%         N/A       100%        7
 Orb of Destruction       Conj           0%         N/A       100%        7
 Spellforged Servitor     Conj/Summ      0%         N/A       100%        7
 Summon Hydra             Summ           0%         N/A       100%        7
 Discord                  Hex            0%         N/A       100%        8
 Swiftness                Air            Unusable   N/A       N/A         3

Dungeon Overview and Level Annotations

Branches:
Dungeon (15/15)            Temple (1/1) D:5            Lair (6/6) D:11
 Shoals (4/4) Lair:3        Snake (4/4) Lair:4        Slime (0/5) Lair:5
    Orc (2/2) D:9             Elf (3/3) Orc:2        Vaults (5/5) D:13
  Crypt (0/3) Vaults:2     Depths (5/5) D:15            Zot (5/5) Depths:5
Ossuary (visited)           IceCv (visited)         Gauntlet (visited)

Altars:
Ashenzari
Cheibriados
Dithmenos
Elyvilon
Fedhas
Gozag
Hepliaklqana
Kikubaaqudgha
Makhleb
Nemelex Xobeh
Okawaru
Qazlal
Ru
Sif Muna
Trog
Uskayaw
Vehumet
Wu Jian
Xom
Yredelemnul
Zin
The Shining One
Jiyva

Shops:
D:3 =   D:8 (   D:9 [   D:15 ([   Orc:1 [   Orc:2 ==**   Elf:1 (   Elf:3 ::(*:
Shoals:1 *   Snake:1 *:=:   Snake:4 ??:[   Vaults:1 *   Vaults:3 [   Vaults:4 [
Vaults:5 [(   Depths:2 (   Depths:4 ((   Depths:5 !(!?(!

Portals:
Hell: Lair:6 Depths:1 Depths:2 Depths:3 Depths:4 Depths:5
Abyss: Depths:3 Depths:4
Pandemonium: Depths:3
Ziggurat: Depths:3

Annotations:
D:10 1 runed translucent door, Thantalas's ghost, journeyman DgCj
Snake:3 Roxanne
Vaults:4 3 runed translucent doors, Putsipo's ghost, veteran GrGl


Innate Abilities, Weirdness & Mutations

You cannot be hasted, slowed, berserked, paralysed or teleported.
You can dig through walls and to a lower floor.
You have a pair of large antennae on your head. (SInv)
Your four strong arms can wield two-handed weapons with a shield.
You occasionally shout uncontrollably at your foes.
You are resistant to electric shocks. (rElec)
You are weak. (Str -2)
Your spells are a little harder to cast, but a little more powerful.


Message History

There is a stone staircase leading down here.
There is a stone staircase leading up here.
You see here a +0 dagger.
You fly upwards.
There is a stone staircase leading down here.
There is an open door here.
There is an open door here.
There is a stone staircase leading up, spattered with blood here.
You fly upwards.
There is a stone staircase leading down here.
There is a stone staircase leading up here.
You fly upwards.
There is a stone staircase leading down here.
There is a stone staircase leading up here.
You fly upwards.
There is a stone staircase leading down here.
There is a stone staircase leading up here.
You fly upwards.
There is a stone staircase leading down here.
You sense a monster nearby.
Ycvineas stares, then turns away, jangling a coin purse.
The soul eater stares, then turns away, jangling a coin purse.
A soul eater and a pandemonium lord come into view.
Press: ? - help, v - describe, . - travel
Here: Ycvineas (unaware, peaceful)
The floor.
The soul eater moves out of view.
Something bites Ycvineas!
Something barely misses Ycvineas.
Ycvineas blinks!
There is a stone staircase leading up here.
You fly upwards.
There is a stone staircase leading down, spattered with blood here.
(D) Dungeon (T) Temple (L) Lair (A) Shoals (P) Snake Pit (M) Slime Pits (O) Orcish Mines (E) Elven Halls (V) Vaults (C) Crypt (U) Depths (H) Hell (Z) Zot
Where to? (Enter - D:1 @ (x,y), ? - help)
Okay, then.
There is a staircase leading out of the dungeon here.
You have escaped!

### ##############.#
#####..............#
......############.#
##################.#
#⌠.....⌠.≈≈≈≈⌠#.#
#.........≈≈≈≈#.#
#..........≈≈≈#.#
#>..##...##..@#.#
#...##...##.....#
#.............#.#
#######'#######.#
#..........#.#
#.#######.##.# #.#
#.##.# #.# #.##.#
#.# #.##.#


There were no monsters in sight!

Vanquished Creatures
  A dread lich (Depths:5)
  7 ancient liches
  5 orbs of fire
  A juggernaut (Depths:2)
  2 pandemonium lords
  10 Killer Klowns
  Frederick (Vaults:3)
  Bai Suzhen (Snake:3)
  A caustic shrike (Depths:2)
  8 golden dragons
  Nikola (Vaults:3)
  2 bone dragons (Depths:5)
  3 electric golems
  An Ice Fiend (IceCv)
  18 tentacled monstrosities
  6 liches
  28 Orb Guardians
  9 quicksilver dragons
  3 deep elf blademasters
  2 titans (Vaults:5)
  2 deep elf master archers (Elf:3)
  2 Executioners
  A kraken (Shoals:3)
  Frances (Elf:1)
  5 sphinxes
  12 death cobs
  11 storm dragons
  4 draconian monks
  4 tengu reavers
  A fenstrider witch (shapeshifter) (Depths:3)
  10 shadow dragons
  Ilsuiw (Shoals:4)
  12 fire giants
  4 nagarajas (Snake:4)
  2 iron dragons
  5 deep elf sorcerers (Elf:3)
  A draconian knight (Zot:3)
  A balrug (Depths:3)
  4 draconian scorchers
  A cacodemon (Depths:4)
  A ghost moth (Zot:4)
  4 frost giants
  4 orc warlords
  13 vault wardens
  Louise (Elf:1)
  6 draconian stormcallers
  6 draconian annihilators
  Aizul (Snake:3)
  2 draconian shifters (Zot:1)
  A spriggan defender (Depths:4)
  4 deep elf elementalists (Elf:3)
  15 ironbound preservers
  12 stone giants
  21 very ugly things
  11 green draconians
  5 vampire knights
  3 entropy weavers
  3 dire elephants
  8 deep elf demonologists
  10 red draconians
  10 black draconians
  7 purple draconians
  5 deep elf annihilators
  10 yellow draconians
  4 white draconians
  8 spark wasps
  A minotaur (Gauntlet)
  8 merfolk javelineers
  Josephine (Shoals:1)
  39 vault guards
  12 deep elf death magi
  4 salamander tyrants (Snake:4)
  9 fire dragons
  4 crystal guardians (Vaults:4)
  5 ettins
  13 yaktaur captains
  13 merfolk impalers
  4 deep elf high priests
  Fannar (D:10)
  6 rakshasas
  10 great orbs of eyes
  10 ice dragons
  8 ironbound thunderhulks
  A catoblepas (D:13)
  5 ironbound frosthearts
  15 anacondas
  3 merfolk avatars
  7 hydras
  2 peacekeepers (Vaults:4)
  An ogre mage (Vaults:5)
  6 boulder beetles
  12 naga warriors
  6 two-headed ogres
  3 merfolk aquamancers (Shoals:4)
  11 centaur warriors
  An anaconda (shapeshifter) (Depths:4)
  3 spriggan air magi
  10 deep troll shamans
  2 alligator snapping turtles (Shoals:4)
  4 death yaks
  9 deep troll earth magi
  3 vampire magi
  6 spriggan berserkers
  11 tengu warriors
  2 titan zombies (D:14)
  Urug (D:10)
  2 satyrs (Shoals:4)
  11 naga sharpshooters
  3 sun demons
  Sonja (D:10)
  An orc high priest (Elf:2)
  9 deep elf knights
  9 shock serpents
  3 ironbound beastmasters
  A shadow wraith (Vaults:5)
  3 hell knights
  7 iron trolls
  A sea snake (shapeshifter) (Vaults:3)
  16 sea snakes
  3 sixfirhies
  10 salamander mystics
  A glowing orange brain (shapeshifter) (Elf:1)
  50 deep trolls
  2 glowing orange brains
  A shadow demon (Zot:1)
  5 naga ritualists
  17 deep elf archers
  A kraken simulacrum (Shoals:4)
  3 flayed ghosts
  17 wizards
  6 orc knights
  An orange crystal statue (Shoals:2)
  9 phantasmal warriors
  11 lindwurms
  The ghost of bmj180 the Cleaver, a novice MiFi of Cheibriados (D:7)
  17 ironbound convokers
  32 deep elf zephyrmancers
  22 harpies
  30 deep elf pyromancers
  A harpy (shapeshifter) (D:14)
  An iron dragon zombie (Depths:5)
  10 mana vipers
  A wolf spider zombie (D:15)
  A faun (Shoals:1)
  5 necromancers
  3 oklob plants (D:11)
  2 orc sorcerers
  9 manticores
  2 stone giant zombies (D:14)
  40 ugly things
  29 cyclopes
  14 elephants
  32 moths of wrath
  Maurice (D:8)
  A black mamba (shapeshifter) (Elf:1)
  14 salamanders
  31 black mambas
  A fire giant zombie (Vaults:2)
  8 guardian serpents
  3 centaur zombies
  A rust devil (D:15)
  7 merfolk sirens
  15 vault sentinels
  A spriggan zombie (Depths:5)
  2 smoke demons
  A centaur skeleton (D:15)
  16 naga magi
  A gargoyle (D:12)
  3 water nymphs
  4 orange demons
  17 cane toads
  A torpor snail (Lair:4)
  Maggie (D:10)
  An unseen horror (D:10)
  A yaktaur zombie (Vaults:2)
  40 yaktaurs
  7 tengu conjurers
  An efreet (D:13)
  A golden dragon simulacrum (IceCv)
  7 ice devils
  15 komodo dragons
  4 rime drakes (Lair:6)
  7 freezing wraiths
  3 anaconda simulacra (IceCv)
  A yaktaur skeleton (Vaults:2)
  5 trolls
  21 merfolk
  A red devil (Lair:6)
  2 jumping spiders
  2 wind drakes (shapeshifter)
  A harpy skeleton (D:15)
  A polar bear (Lair:6)
  2 large abominations (Depths:4)
  A hornet (Lair:3)
  26 slime creatures
  6 wind drakes
  A tengu simulacrum (Vaults:2)
  8 snapping turtles
  A snapping turtle (shapeshifter) (Vaults:4)
  Prince Ribbit (D:9)
  14 blink frogs
  A wolf spider simulacrum (IceCv)
  2 dream sheep (Shoals:3)
  A raiju (Gauntlet)
  A dream sheep (shapeshifter) (Vaults:1)
  A meliai zombie (D:11)
  5 centaur simulacra
  3 redbacks
  6 air elementals
  10 water elementals
  2 shadows
  Sigmund (D:4)
  A ynoxinul (Zot:3)
  3 wyverns
  58 yaks
  3 dire elephant simulacra (IceCv)
  2 tarantellas
  7 wraiths
  4 fire elementals
  A chaos spawn (Depths:5)
  4 basilisks
  A steam dragon (Gauntlet)
  Grum (D:10)
  11 wargs
  A swamp worm (shapeshifter) (Elf:1)
  An iron troll simulacrum (IceCv)
  5 hydra simulacra (IceCv)
  An acid dragon (Zot:1)
  2 harpy simulacra (IceCv)
  33 nagas
  23 water moccasins
  5 hell hounds (Lair:6)
  3 floating eyes
  A sky beast (D:6)
  2 meliai simulacra
  2 black bears
  38 orc warriors
  2 ice beasts
  6 ogres
  A necrophage (D:5)
  12 wolves
  2 human skeletons (Vaults:2)
  19 centaurs
  2 kobold brigands
  3 elf zombies (D:8)
  2 gnoll sergeants
  17 bullfrogs
  A wyvern zombie (D:7)
  A cane toad simulacrum (Gauntlet)
  2 earth elementals
  3 elf skeletons (D:8)
  A scorpion (Lair:1)
  A wyvern skeleton (D:5)
  A water moccasin zombie (D:5)
  3 killer bees (D:9)
  An elephant simulacrum (IceCv)
  3 wights (D:8)
  6 electric eels
  9 howler monkeys
  3 lava snakes (Lair:1)
  3 human zombies
  4 draconian simulacra (IceCv)
  4 jellies
  17 orc priests
  3 iguanas
  26 orc wizards
  A polar bear simulacrum (IceCv)
  2 troll simulacra (IceCv)
  8 mummies (Ossuary)
  12 gnolls
  2 ogre simulacra (IceCv)
  2 adders
  A shadow imp (D:8)
  7 white imps
  5 ufetubi
  2 worms
  A dart slug (D:2)
  73 orcs
  3 bats
  3 endoplasms
  3 giant cockroaches
  A gnoll zombie (Ossuary)
  6 goblins
  4 hobgoblins
  10 jackals
  10 kobolds
  2 quokkas
  5 ball pythons
  A frilled lizard (D:1)
  3 hobgoblin zombies (Ossuary)
  2 kobold zombies (Ossuary)
  3 orc skeletons (D:8)
  3 orc zombies
  7 rats
1993 creatures vanquished.

Vanquished Creatures (collateral kills)
  A golden dragon (Vaults:5)
  2 tentacled monstrosities (Vaults:5)
  A lich (Vaults:5)
  A quicksilver dragon (Vaults:5)
  A sphinx (Vaults:5)
  A shadow dragon (Vaults:5)
  A tengu reaver (Vaults:5)
  A vault warden (Vaults:5)
  2 very ugly things (Vaults:5)
  An ironbound preserver (Vaults:5)
  2 stone giants (Vaults:5)
  A merfolk javelineer (Shoals:4)
  An ettin (Vaults:5)
  2 yaktaur captains (Vaults:5)
  8 vault guards
  An alligator snapping turtle (Shoals:4)
  A satyr (Shoals:4)
  An orc knight (Vaults:5)
  An ironbound convoker (Vaults:5)
  2 yaktaurs (Vaults:5)
  3 yaks (D:11)
  An orc wizard (D:11)
  An orc (Orc:2)
37 creatures vanquished.

Vanquished Creatures (others)
  A golden dragon (Vaults:5)
  A titan (Vaults:5)
  A lich (Vaults:5)
  2 sphinxes (Vaults:5)
  A tengu reaver (Vaults:5)
  A fire giant (Vaults:5)
  A frost giant (Vaults:5)
  3 vault wardens (Vaults:5)
  A stone giant (Vaults:5)
  4 ironbound preservers (Vaults:5)
  2 war gargoyles (Vaults:5)
  A deep elf annihilator (Vaults:5)
  2 ettins (Vaults:5)
  A deep elf high priest (Vaults:5)
  5 yaktaur captains (Vaults:5)
  An ogre mage (Vaults:5)
  A centaur warrior (D:13)
  32 dancing weapons
  A deep troll earth mage (Vaults:5)
  2 shadow wraiths (Vaults:5)
  3 deep trolls (Vaults:5)
  A phantasmal warrior (Vaults:5)
  2 ironbound convokers (Vaults:5)
  A torturous demonspawn (D:10)
  An orc knight (Vaults:3)
  A manticore (Shoals:3)
  A merfolk siren (Shoals:4)
  3 vault sentinels (Vaults:5)
  2 yaktaurs (Vaults:5)
  A yak (Lair:1)
  An orc warrior (Orc:2)
  A centaur (shapeshifter) (Vaults:5)
  29 fungi
  90 plants
  13 tentacles
214 creatures vanquished.

Grand Total: 2244 creatures vanquished

Notes
Turn   | Place    | Note
-------+----------+-------------------------------------------
     0 | D:1      | Charly the Formicid Fighter began the quest for the Orb.
     0 | D:1      | Reached XP level 1. HP: 18/18 MP: 1/1
   384 | D:1      | Reached XP level 2. HP: 24/24 MP: 2/2
  1117 | D:2      | Reached XP level 3. HP: 29/29 MP: 3/3
  2577 | D:3      | Found Xaezipuch's Jewellery Shop.
  2913 | D:3      | Reached XP level 4. HP: 34/34 MP: 4/4
  3640 | D:4      | Noticed Sigmund
  3671 | D:4      | Killed Sigmund
  3672 | D:4      | Reached skill level 5 in Long Blades
  3672 | D:4      | Reached skill level 5 in Shields
  3672 | D:4      | Reached XP level 5. HP: 41/41 MP: 5/5
  3672 | D:4      | Reached XP level 6. HP: 47/47 MP: 6/6
  4101 | D:5      | Entered Level 5 of the Dungeon
  4162 | D:5      | Found a staircase to the Ecumenical Temple.
  4445 | D:5      | Reached XP level 7. HP: 49/52 MP: 7/7
  4919 | Temple   | Entered the Ecumenical Temple
  5308 | Temple   | Became a worshipper of Gozag Ym Sagoz the Greedy
  5613 | D:5      | Reached XP level 8. HP: 58/58 MP: 8/8
  6182 | D:6      | Reached skill level 1 in Evocations
  7590 | D:7      | Reached XP level 9. HP: 64/64 MP: 9/9
  7853 | D:7      | Found a runed translucent gate.
  7854 | D:7      | Found a runed translucent gate.
  7856 | D:7      | Found a runed translucent gate.
  7857 | D:7      | Noticed bmj180's ghost (novice MiFi)
  7884 | D:7      | You fall into a shaft and drop 3 floors!
  7884 | D:10     | Entered Level 10 of the Dungeon
  7884 | D:10     | Noticed Grum
  7911 | D:10     | Killed Grum
  8049 | D:10     | Noticed an unseen horror
  8065 | D:10     | Killed an unseen horror
  8261 | D:10     | Reached skill level 5 in Evocations
  8286 | D:10     | Noticed Maggie
  8428 | D:10     | Killed Maggie
  8429 | D:10     | Reached skill level 10 in Long Blades
  8429 | D:10     | Reached XP level 10. HP: 57/70 MP: 8/10
  8916 | D:10     | Reached skill level 1 in Dodging
  9020 | D:10     | Noticed a two-headed ogre
  9048 | D:10     | Killed a two-headed ogre
  9070 | D:10     | Noticed Fannar
  9157 | D:10     | Killed Fannar
  9613 | D:10     | Noticed a two-headed ogre
  9666 | D:9      | Reached skill level 5 in Fighting
  9686 | D:9      | Reached skill level 5 in Armour
 10153 | D:9      | Found a staircase to the Orcish Mines.
 10173 | D:9      | Noticed Prince Ribbit
 10189 | D:9      | Killed Prince Ribbit
 10190 | D:9      | Reached skill level 1 in Throwing
 10190 | D:9      | Reached skill level 1 in Stealth
 10395 | D:8      | Noticed a cyclops
 10631 | D:8      | Noticed Maurice
 10639 | D:8      | Killed Maurice
 10640 | D:8      | Reached XP level 11. HP: 79/79 MP: 11/11
 10706 | D:8      | Killed a cyclops
 10855 | D:8      | Reached skill level 5 in Stealth
 10857 | D:8      | Found a sand-covered staircase.
 10863 | Ossuary  | Entered an ossuary
 11373 | D:3      | Bought a +4 ring of protection for 504 gold pieces
 12087 | D:8      | Found a sparkling altar of Nemelex Xobeh.
 12179 | D:8      | Found Ynuducop's Weapon Boutique.
 13176 | D:9      | Noticed a centaur warrior
 13260 | D:9      | Found Roraohos's Antique Armour Boutique.
 13580 | D:9      | Bought a fine chain mail for 313 gold pieces
 13580 | D:9      | Identified the +0 chain mail "Xeniv" {rC+ Dex+2} (You
                  | bought it in a shop on level 9 of the Dungeon)
 13959 | D:9      | .............
 13967 | D:9      | Killed a centaur warrior
 14095 | D:10     | Noticed Sonja
 14102 | D:10     | Killed Sonja
 14168 | D:10     | Noticed Urug
 14183 | D:10     | Killed Urug
 14493 | D:10     | Reached XP level 12. HP: 86/86 MP: 12/12
 14536 | D:10     | Killed a two-headed ogre
 14603 | D:10     | Found a runed translucent door.
 14605 | D:10     | Noticed a spriggan rider
 14606 | D:10     | Noticed Thantalas's ghost (journeyman DgCj)
 14607 | D:10     | Identified the +8 spear of Ighiw {venom, rC+ Dex+3}
 14658 | D:10     | Noticed a two-headed ogre
 14674 | D:10     | Killed a two-headed ogre
 15151 | D:9      | Bought a pair of embroidered boots for 247 gold pieces
 15394 | D:11     | Found a staircase to the Lair.
 16291 | D:8      | Bought a +0 arbalest for 63 gold pieces
 16835 | Lair:1   | Entered Level 1 of the Lair of Beasts
 17728 | Lair:1   | Noticed a six-headed hydra
 17744 | Lair:1   | Found a runed translucent door.
 18416 | Lair:2   | Reached XP level 13. HP: 67/95 MP: 10/13
 18648 | Lair:2   | Reached skill level 10 in Stealth
 19534 | Lair:3   | Noticed a seven-headed hydra
 19558 | Lair:3   | Noticed a seven-headed hydra
 19967 | Lair:3   | Found a staircase to the Shoals.
 20014 | Lair:3   | Killed a seven-headed hydra
 20220 | Lair:3   | Reached skill level 10 in Evocations
 21092 | Lair:4   | Found a white marble altar of Elyvilon.
 21550 | Lair:4   | Found a staircase to the Snake Pit.
 22021 | Lair:4   | Reached XP level 14. HP: 106/106 MP: 14/14
 22499 | Lair:5   | Reached skill level 5 in Dodging
 22920 | Lair:5   | Found a runed translucent door.
 23538 | Lair:5   | Found a viscous altar of Jiyva.
 23540 | Lair:5   | Found a staircase to the Slime Pits.
 23587 | Lair:6   | Entered Level 6 of the Lair of Beasts
 24809 | Lair:6   | Reached skill level 10 in Fighting
 24809 | Lair:6   | Reached skill level 15 in Long Blades
 25928 | D:3      | Bought an amulet of reflection for 420 gold pieces
 26089 | Orc:1    | Entered Level 1 of the Orcish Mines
 26169 | Orc:1    | Found Saaggiaf's Armour Boutique.
 26720 | Orc:2    | Entered Level 2 of the Orcish Mines
 26845 | Orc:2    | Reached XP level 15. HP: 100/115 MP: 15/15
 27164 | Orc:2    | Noticed an orc warlord
 28377 | Orc:2    | Killed an orc warlord
 28446 | Orc:2    | Reached skill level 5 in Throwing
 28483 | Orc:2    | Found Ceitem's Jewellery Boutique.
 28483 | Orc:2    | Found Lischal's General Store.
 28485 | Orc:2    | Found Bemiudoe's General Store.
 28487 | Orc:2    | Found Kiext's Jewellery Shop.
 28520 | Orc:2    | Found a staircase to the Elven Halls.
 28686 | Orc:1    | Bought a +2 chain mail of willpower for 279 gold pieces
 28733 | Orc:2    | Bought the ring "Zoarom" {Fly rPois rF++ Int-3 Dex+9} for
                  | 823 gold pieces
 28745 | Orc:2    | Bought a ring of willpower for 350 gold pieces
 28748 | Orc:2    | Bought a scroll of enchant armour for 105 gold pieces
 28748 | Orc:2    | Bought a potion of heal wounds for 70 gold pieces
 28748 | Orc:2    | Bought a potion of invisibility for 112 gold pieces
 28748 | Orc:2    | Bought a potion of curing for 42 gold pieces
 28748 | Orc:2    | Bought a scroll of silence for 105 gold pieces
 28750 | Orc:2    | Bought a potion of attraction for 36 gold pieces
 28926 | D:3      | Bought the ring of Cuppet {rC+ Dex+4} for 565 gold pieces
 29048 | D:7      | Killed bmj180's ghost
 29451 | Lair:1   | Identified the +4 whip "Ogaseet" {vorpal, Fly Str+6}
 29513 | Lair:1   | Identified the amulet "Fog Jiaf" {Faith Harm rC++ Dex-2
                  | Slay+2}
 30160 | Lair:6   | Found a burning altar of Makhleb.
 30582 | Lair:6   | Found a gateway to Hell.
 31066 | D:11     | Found a blossoming altar of Fedhas.
 31838 | D:12     | Identified the +3 mace "Impbane" {elec, rC+ rN+}
 32050 | D:12     | Reached skill level 10 in Armour
 32954 | D:13     | Reached XP level 16. HP: 125/125 MP: 5/16
 33056 | D:13     | Found a gate to the Vaults.
 33593 | D:14     | You are sucked into a shaft and drop 1 floor!
 33593 | D:15     | Entered Level 15 of the Dungeon
 33734 | D:14     | Identified the +0 leather armour "Yrigg" {Str-4 Int+7 SInv}
 33797 | D:14     | Found a gate leading to a gauntlet.
 33804 | Gauntlet | Entered a Gauntlet
 33804 | Gauntlet | Found a transporter.
 33811 | Gauntlet | Found a transporter.
 33814 | Gauntlet | Found a transporter.
 33819 | Gauntlet | Found a runed translucent door.
 33819 | Gauntlet | Found a runed translucent door.
 33832 | Gauntlet | Found a transporter.
 33834 | Gauntlet | Found a transporter.
 33843 | Gauntlet | Found a transporter.
 33859 | Gauntlet | Found a transporter.
 33869 | Gauntlet | Found a transporter.
 33876 | Gauntlet | Found a runed translucent door.
 33880 | Gauntlet | Found a transporter.
 33893 | Gauntlet | Found a transporter.
 33907 | Gauntlet | Found a transporter.
 33907 | Gauntlet | Found a transporter.
 33961 | Gauntlet | Found a transporter.
 33975 | Gauntlet | Found a transporter.
 34132 | Gauntlet | Identified the +7 rapier of Descent {flame, rPois}
 34310 | Gauntlet | Identified the amulet "Ycetonn" {Spirit Rampage}
 34408 | Gauntlet | Identified the +1 pair of boots "Teneolif" {rN+}
 34422 | Gauntlet | Identified the +5 broad axe of Joyful Slaughter {vorpal,
                  | +Rage rC+}
 34463 | Gauntlet | Identified the ring of the Scavenger {Ice *Corrode Str+3
                  | Int+2}
 34760 | D:14     | Found a sparkling altar of Nemelex Xobeh.
 35199 | D:14     | Found an iron altar of Okawaru.
 35419 | D:14     | Noticed a fire giant
 35454 | D:14     | Killed a fire giant
 35636 | D:14     | Identified the +3 broad axe of Demonic Duty {flame, rF+
                  | rCorr Str+2}
 35637 | D:14     | Identified the +7 dagger "Sit Fuss" {drain, rElec Str+2
                  | Int+2 SInv}
 35642 | D:14     | Identified the +7 flail of the Shoals {speed, Int+8}
 36041 | D:15     | Found Oploph's Armour Boutique.
 36096 | D:15     | Found Vocywis's Antique Weapon Boutique.
 36128 | D:15     | Found a white marble altar of Elyvilon.
 36403 | D:15     | Found an ornate altar of the Wu Jian Council.
 36909 | D:15     | Found a staircase to the Depths.
 37286 | Snake:1  | Entered Level 1 of the Snake Pit
 37356 | Snake:1  | Reached XP level 17. HP: 126/134 MP: 17/17
 37429 | Snake:1  | Found Jyug's Assorted Antiques.
 37436 | Snake:1  | Bought a dazzling fustibalus for 600 gold pieces
 37436 | Snake:1  | Identified the +5 fustibalus of Unreason {venom, Int+2}
                  | (You bought it in a shop on level 1 of the Snake Pit)
 37436 | Snake:1  | Bought a shiny plate armour for 780 gold pieces
 37476 | Snake:1  | Bought a wand of iceblast (6) for 120 gold pieces
 37476 | Snake:1  | Bought a scroll of fog for 60 gold pieces
 38217 | Snake:1  | Found Ahusewy's Book Boutique.
 38222 | Snake:1  | Found Enlukane's Jewellery Emporium.
 38223 | Snake:1  | Found Cogezoz's Book Boutique.
 38231 | Snake:1  | Upgraded the game from 0.27-a0-1065-ge809cff456 to
                  | 0.27-a0-1071-ga85bd9520d
 39082 | Snake:2  | Found a frozen archway.
 39091 | IceCv    | Entered an ice cave
 39944 | IceCv    | Noticed an Ice Fiend
 39970 | IceCv    | Killed an Ice Fiend
 40079 | IceCv    | Identified the +0 pair of boots of the Three Emperors
                  | {Drain Fly rF+ Will+++}
 40081 | IceCv    | Identified the +3 glaive of Sudden Death {drain, Str+5
                  | Dex-4 SInv}
 41314 | Orc:2    | Bought the ring "Kyrgheph" {rC+++ Will- rCorr Str-4 Slay+4}
                  | for 1635 gold pieces
 41624 | Snake:3  | Noticed Roxanne
 42089 | Snake:3  | Noticed Bai Suzhen
 43004 | Snake:3  | Noticed Aizul
 43112 | Snake:3  | Killed Aizul
 43205 | Snake:4  | Entered Level 4 of the Snake Pit
 43336 | Snake:4  | Reached XP level 18. HP: 143/143 MP: 18/18
 43583 | Snake:4  | Identified a scroll of acquirement
 43584 | Snake:4  | Acquired 1049 gold pieces
 43811 | Snake:4  | Found Qiestroo's Antique Armour Shoppe.
 43811 | Snake:4  | Found Xilig's Magic Scroll Emporium.
 43812 | Snake:4  | Found Ocwosus's Magic Scroll Emporium.
 43814 | Snake:4  | Found Huoceh's Book Shoppe.
 43816 | Snake:4  | Bought a scroll of vulnerability for 135 gold pieces
 43828 | Snake:4  | Bought a scroll of fear for 59 gold pieces
 43834 | Snake:4  | Bought an ancient plate armour for 980 gold pieces
 43834 | Snake:4  | Identified the +5 plate armour "Oxtamir" {Fly rElec rC+
                  | Slay+2} (You bought it in a shop on level 4 of the Snake
                  | Pit)
 44386 | Snake:3  | Killed Bai Suzhen
 46472 | Snake:4  | Reached skill level 10 in Dodging
 46736 | Snake:4  | Reached XP level 19. HP: 149/152 MP: 19/19
 46945 | Snake:4  | Got a serpentine rune of Zot
 47060 | Snake:4  | Acquired 887 gold pieces
 47212 | Shoals:1 | Entered Level 1 of the Shoals
 47741 | Shoals:1 | Found Zeguupre's General Store.
 47872 | Shoals:1 | Bought a wand of paralysis (5) for 112 gold pieces
 48089 | Shoals:1 | Noticed Josephine
 48103 | Shoals:1 | Killed Josephine
 48328 | Shoals:2 | Found a transporter.
 48356 | Shoals:2 | Found a transporter.
 50960 | Shoals:4 | Entered Level 4 of the Shoals
 51119 | Shoals:4 | Noticed Ilsuiw
 51131 | Shoals:4 | Killed Ilsuiw
 51136 | Shoals:4 | Reached skill level 15 in Fighting
 51746 | Shoals:4 | Reached XP level 20. HP: 157/162 MP: 20/20
 52164 | Shoals:4 | Identified the +10 arbalest of the Reaper {vorpal, rN+
                  | Will+ rCorr}
 53289 | Shoals:4 | Got a barnacled rune of Zot
 53493 | Shoals:2 | Identified the ring "Ruifo" {Ice Fly Str+2 Int+2 Slay+2}
 53823 | Snake:4  | Bought a smelly scale mail for 315 gold pieces
 53823 | Snake:4  | Identified the +2 scale mail of Hedonism {rF++ Stlth+} (You
                  | bought it in a shop on level 4 of the Snake Pit)
 54127 | Elf:1    | Entered Level 1 of the Elven Halls
 54492 | Elf:1    | Found Emosk's Weapon Emporium.
 54874 | Elf:1    | Reached skill level 15 in Armour
 54886 | Elf:1    | Identified the Tome of Confrontation
 54973 | Elf:1    | Noticed Frances
 54982 | Elf:1    | Killed Frances
 55065 | Elf:1    | Noticed Louise
 55088 | Elf:1    | Killed Louise
 55957 | Elf:2    | Reached skill level 10 in Shields
 56390 | Elf:2    | Reached XP level 21. HP: 151/170 MP: 18/21
 56610 | Elf:2    | Found a huge runed translucent gate.
 56610 | Elf:2    | Found a huge runed translucent gate.
 56610 | Elf:2    | Found a huge runed translucent gate.
 56624 | Elf:2    | Found a huge runed translucent gate.
 56626 | Elf:2    | Found a huge runed translucent gate.
 57704 | Elf:3    | Entered Level 3 of the Elven Halls
 58445 | Elf:3    | Found Poru's Book Emporium.
 58583 | Elf:3    | Reached skill level 15 in Shields
 59058 | Elf:3    | Identified the +3 halberd of Calculation {holy, rN+ Int+2}
 59219 | Elf:3    | Found Muxellu's Book Emporium.
 59285 | Elf:3    | Found Fayfev's Book Shop.
 59289 | Elf:3    | Found Evouf's Weapon Shop.
 59477 | Elf:3    | Found Puenaen's Assorted Antiques.
 59511 | Elf:3    | Bought a scroll of vulnerability for 187 gold pieces
 59511 | Elf:3    | Bought a scroll of fog for 50 gold pieces
 59511 | Elf:3    | Bought a scroll labelled ARAUWO PILOQOU for 25 gold pieces
 59627 | Elf:3    | Reached XP level 22. HP: 177/177 MP: 22/22
 60007 | Elf:3    | Identified the +1 hand crossbow of Righteous Fury {elec,
                  | Drain rN+++ Will+++ Int-5}
 60314 | D:15     | Bought a +0 pair of gloves of strength for 184 gold pieces
 60404 | Vaults:1 | Entered Level 1 of the Vaults
 60543 | Vaults:1 | Reached skill level 10 in Throwing
 60997 | Vaults:1 | Found Xamiq's Assorted Antiques.
 61007 | Vaults:1 | Bought a sapphire battleaxe for 195 gold pieces
 61007 | Vaults:1 | Identified the +7 battleaxe "Wakkaofocw" {spect, Str+3
                  | Int+7} (You bought it in a shop on level 1 of the Vaults)
 61008 | Vaults:1 | Bought a scroll of immolation for 59 gold pieces
 61008 | Vaults:1 | Bought a wand of acid (8) for 136 gold pieces
 61008 | Vaults:1 | Bought a scroll of vulnerability for 127 gold pieces
 62766 | Vaults:2 | Reached XP level 23. HP: 185/185 MP: 23/23
 63190 | Vaults:2 | Found a staircase to the Crypt.
 63599 | Snake:4  | Bought a scroll of enchant armour for 127 gold pieces
 63604 | Snake:4  | Bought a scroll of enchant armour for 135 gold pieces
 63730 | Snake:1  | Bought a scroll of enchant armour for 225 gold pieces
 64353 | Vaults:3 | Acquired 894 gold pieces
 64391 | Vaults:3 | Noticed Nikola
 64414 | Vaults:3 | Killed Nikola
 64792 | Vaults:3 | Found Ywuth's Armour Shoppe.
 65157 | Vaults:3 | Noticed Frederick
 65179 | Vaults:3 | Killed Frederick
 66206 | Vaults:4 | Noticed Putsipo's ghost (veteran GrGl)
 66216 | Vaults:4 | Found a runed translucent gate.
 66216 | Vaults:4 | Found a runed translucent gate.
 66217 | Vaults:4 | Found a runed translucent gate.
 66696 | Vaults:4 | Reached XP level 24. HP: 174/195 MP: 23/23
 67276 | Vaults:4 | Found Umut's Antique Armour Emporium.
 67285 | Vaults:4 | Bought a glimmering plate armour for 1120 gold pieces
 67285 | Vaults:4 | Identified the +6 plate armour "Ufesahep" {Will+} (You
                  | bought it in a shop on level 4 of the Vaults)
 68041 | Depths:1 | Entered Level 1 of the Depths
 68674 | Depths:1 | Noticed a golden dragon
 68690 | Depths:1 | Killed a golden dragon
 68931 | Depths:1 | Identified the +3 scale mail of Muttered Phrases {rC+}
 70140 | Depths:2 | Found Hapsiy's Weapon Emporium.
 70560 | Depths:2 | Noticed a caustic shrike
 70569 | Depths:2 | Killed a caustic shrike
 70656 | Depths:2 | Noticed a juggernaut
 70661 | Depths:2 | Killed a juggernaut
 70662 | Depths:2 | Reached XP level 25. HP: 189/203 MP: 23/23
 70676 | Depths:2 | Reached skill level 15 in Throwing
 70829 | Depths:2 | Identified the Handbook of the Ensnaring Rocks
 71638 | Depths:3 | Noticed an ancient lich
 71652 | Depths:3 | Killed an ancient lich
 71819 | Depths:3 | Reached skill level 15 in Evocations
 71983 | Depths:3 | Found a gateway to a ziggurat.
 72079 | Depths:3 | Identified the ring of Vehumet's Pride {+Blink rN+ Str+6
                  | Int+2 SInv}
 72115 | Depths:3 | Found a one-way gate leading to the halls of Pandemonium.
 72147 | Depths:2 | Identified the +10 quarterstaff of Triumph {flame, rC++}
 72208 | Depths:3 | Found a glowing silver altar of Zin.
 72211 | Depths:3 | Found a white marble altar of Elyvilon.
 72212 | Depths:3 | Found a glowing golden altar of the Shining One.
 72213 | Depths:3 | Identified the ring "Paehiot" {rF++ MP+9 Dex-4}
 72397 | Depths:3 | Found a one-way gate to the infinite horrors of the Abyss.
 73267 | Depths:4 | Reached XP level 26. HP: 213/213 MP: 23/23
 73473 | Depths:4 | Found a shadowy altar of Dithmenos.
 73872 | Depths:4 | Found Goaligei's Weapon Shoppe.
 73875 | Depths:4 | Bought 7 atropa-tipped darts for 58 gold pieces
 73995 | Depths:4 | Found Uzaixt's Weapon Emporium.
 74093 | Depths:4 | Identified the +8 hand crossbow "Meusmiur" {penet, rF-
                  | Will+++ Str+3 Int-2}
 74389 | Depths:5 | Entered Level 5 of the Depths
 74547 | Depths:5 | Reached skill level 15 in Dodging
 74967 | Depths:5 | Found a gate to the Realm of Zot.
 74984 | Depths:5 | Found Irhy's Distillery.
 74991 | Depths:5 | Bought a potion of heal wounds for 85 gold pieces
 74991 | Depths:5 | Bought a potion of curing for 51 gold pieces
 74991 | Depths:5 | Bought a potion of curing for 51 gold pieces
 74991 | Depths:5 | Bought a potion of heal wounds for 85 gold pieces
 74991 | Depths:5 | Bought a potion of curing for 51 gold pieces
 74991 | Depths:5 | Bought a potion of attraction for 51 gold pieces
 74991 | Depths:5 | Bought a potion of curing for 51 gold pieces
 75873 | Depths:5 | Found a basalt altar of Yredelemnul.
 76150 | Depths:5 | Bought 5 atropa-tipped darts for 54 gold pieces
 76152 | Depths:5 | Bought a potion of cancellation for 136 gold pieces
 76152 | Depths:5 | Bought a potion of attraction for 51 gold pieces
 76156 | Depths:5 | Bought a potion of curing for 63 gold pieces
 76156 | Depths:5 | Bought a potion of heal wounds for 105 gold pieces
 76156 | Depths:5 | Bought a potion of heal wounds for 105 gold pieces
 76156 | Depths:5 | Bought a potion of curing for 63 gold pieces
 76158 | Depths:5 | Bought a scroll of vulnerability for 165 gold pieces
 76158 | Depths:5 | Bought a scroll of immolation for 77 gold pieces
 76158 | Depths:5 | Bought a scroll of enchant armour for 165 gold pieces
 76158 | Depths:5 | Bought a scroll of fear for 77 gold pieces
 76158 | Depths:5 | Bought a scroll of holy word for 165 gold pieces
 76534 | Vaults:5 | Entered Level 5 of the Vaults
 76576 | Vaults:5 | Noticed an ancient lich
 76592 | Vaults:5 | Reached XP level 27. HP: 173/224 MP: 23/23
 76594 | Vaults:5 | Killed an ancient lich
 76638 | Vaults:5 | Noticed an ancient lich
 76915 | Vaults:5 | Killed an ancient lich
 76948 | Vaults:5 | Identified Sif Muna's Compendium of Enchantment and the
                  | Frostbite
 77307 | Vaults:5 | Identified the +9 chain mail "Buixis" {rN+}
 77429 | Vaults:5 | Found Akhlumaps's Armour Boutique.
 77759 | Vaults:5 | Identified the +3 ring mail of Axtenuaw {rCorr Stlth+}
 77777 | Vaults:5 | Got a silver rune of Zot
 77778 | Vaults:5 | Identified the +7 dagger of Rioz {drain, rElec rPois}
 77981 | Vaults:5 | Identified the +1 robe "Gaso" {Will- Int+7 Slay+2}
 78406 | Zot:1    | Entered Level 1 of the Realm of Zot
 78406 | Zot:1    | Noticed a dread lich
 78406 | Zot:1    | Noticed a Killer Klown
 78408 | Zot:1    | Noticed a Killer Klown
 78414 | Zot:1    | Noticed a Killer Klown
 78414 | Zot:1    | Noticed a Killer Klown
 78418 | Depths:5 | Killed a dread lich
 78589 | Depths:5 | Killed a Killer Klown
 78603 | Depths:5 | Killed a Killer Klown
 78803 | Zot:1    | Killed a Killer Klown
 78804 | Zot:1    | Killed a Killer Klown
 80782 | Zot:2    | Noticed an orb of fire
 80805 | Zot:2    | Gained mutation: You sometimes lose the ability to read
                  | scrolls when taking damage. [an orb of fire]
 80808 | Zot:2    | Killed an orb of fire
 84427 | Zot:5    | Entered Level 5 of the Realm of Zot
 84533 | Zot:5    | Reached skill level 15 in Stealth
 85070 | Zot:4    | Lost mutation: You sometimes lose the ability to read
                  | scrolls when taking damage. [potion of mutation]
 85070 | Zot:4    | Gained mutation: You sometimes lose the ability to read
                  | scrolls when taking damage. [potion of mutation]
 85070 | Zot:4    | Gained mutation: You are dopey. (Int -2) [potion of
                  | mutation]
 85070 | Zot:4    | Gained mutation: You are resistant to electric shocks.
                  | (rElec) [potion of mutation]
 85070 | Zot:4    | Lost mutation: You are dopey. (Int -2) [potion of mutation]
 85071 | Zot:4    | Lost mutation: You sometimes lose the ability to read
                  | scrolls when taking damage. [potion of mutation]
 85071 | Zot:4    | Gained mutation: You are weak. (Str -2) [potion of
                  | mutation]
 85071 | Zot:4    | Gained mutation: Your spells are a little harder to cast,
                  | but a little more powerful. [potion of mutation]
 85546 | Vaults:5 | Bought +2 pearl dragon scales for 1192 gold pieces
 87239 | Zot:5    | Noticed an orb of fire
 87246 | Zot:5    | Killed an orb of fire
 87246 | Zot:5    | Noticed an orb of fire
 87247 | Zot:5    | Gained mutation: You occasionally shout uncontrollably at
                  | your foes. [an orb of fire]
 87262 | Zot:5    | Killed an orb of fire
 87263 | Zot:5    | Noticed an ancient lich
 87266 | Zot:5    | Killed an ancient lich
 87267 | Zot:5    | Noticed a Killer Klown
 87285 | Zot:5    | Killed a Killer Klown
 87287 | Zot:5    | Noticed an ancient lich
 87291 | Zot:5    | Killed an ancient lich
 87292 | Zot:5    | Noticed an ancient lich
 87300 | Zot:5    | Killed an ancient lich
 87301 | Zot:5    | Noticed an ancient lich
 87306 | Zot:5    | Killed an ancient lich
 87306 | Zot:5    | Noticed a Killer Klown
 87309 | Zot:5    | Noticed an orb of fire
 87320 | Zot:5    | Killed an orb of fire
 87320 | Zot:5    | Noticed an orb of fire
 87326 | Zot:5    | Killed an orb of fire
 87326 | Zot:5    | Noticed a Killer Klown
 87331 | Zot:5    | Killed a Killer Klown
 87334 | Zot:5    | Noticed a Killer Klown
 87335 | Zot:5    | Noticed a Killer Klown
 87340 | Zot:5    | Killed a Killer Klown
 87342 | Zot:5    | Killed a Killer Klown
 87351 | Zot:5    | Noticed a Killer Klown
 87362 | Zot:5    | Killed a Killer Klown
 87368 | Zot:5    | Killed a Killer Klown
 88108 | Zot:5    | Got the Orb of Zot
 88230 | Zot:3    | Noticed Furil the pandemonium lord
 88238 | Zot:3    | Killed Furil the pandemonium lord
 88339 | Depths:5 | Noticed Tyawkaj the pandemonium lord
 88352 | Depths:5 | Killed Tyawkaj the pandemonium lord
 88399 | Depths:3 | Noticed Rufepsem the pandemonium lord
 88401 | Depths:3 | You are sucked into a shaft and drop 2 floors!
 88714 | D:10     | Noticed a seraph
 88721 | D:10     | You are sucked into a shaft and drop 2 floors!
 88958 | D:2      | Noticed Ycvineas the pandemonium lord
 88987 | D:$      | Escaped with the Orb!

Illustrated notes

####### ##########.....#
.............#.# .............#.#
.............#.# *#######********
............<..###.......,,,,,,,*
#########.......@+{.c....,,,,,,,*
#.......##..{....,,,,,,,* #
#.....#.#....W...,,,,,,,*
##########......#<.......,,,,,,,*
...............>##.......,,,,,,,*
####.##########.#,.......,,,,,,,*
.###.# #.#,.......,,,,,,,* .#≈#.#
#.#,.......,,,,,,,* ..≈≈.#
#.#,.......,,,,,,,*


Turn 13959 on D:9: .............

Levels and vault maps discovered:
D:1:      amcnicky_arrival_flooded_fountain, layout_basic, minmay_pentomino_p2
D:2:      layout_basic
D:3:      layout_loops_ring, serial_shops, nicolae_shop_waterfront
D:4:      layout_rooms, hangedman_decor_peaks_small, uniq_sigmund
D:5:      layout_loops_ring, minmay_temple_entry_enclosed_plants
D:6:      layout_gridville, kennysheep_generic_room_12
D:7:      layout_cave_pools, gammafunk_ghost_split
D:8:      layout_rooms, kennysheep_little_box, nicolae_ossuary_entry_catacombs,
          serial_shops, shop, centaur_isle, uniq_maurice
D:9:      layout_basic, hiddenorc1_lemuel, serial_shops, shop,
          grunt_decor_fettered, uniq_prince_ribbit1
D:10:     layout_big_octagon, ebering_ghost_funeral_grove, uniq_grum,
          uniq_fannar, uniq_maggie, uniq_urug, uniq_sonja
D:11:     layout_cave_pods, dpeg_oklobed_lair, fedhas_altar_2
D:12:     layout_loops_ring, nrook_guardian_serpent_ordinary
D:13:     layout_long_grid, erik_vaults_2, minmay_crystal_water
D:14:     giant_chief_lemuel, layout_irregular_city, okawaru_gym_becter,
          gauntlet_entry_generic, nemelex_xobeh_ov_fountains_minmay
D:15:     grunt_enter_depths_magical_seal, layout_basic, serial_shops,
          shop_coins, nicolae_shop_behind_doors,
          nicolae_elyvilon_peaceful_grove, nzn_wu_jian_contemplation
Temple:   compressed_dpeg_triangle_lava_temple
Lair:1:   gammafunk_indiana_jones, layout_concentric_octagons,
          serial_bayou_shore_a
Lair:2:   layout_regular_city, st_stairs_3, serial_bayou_crossing
Lair:3:   layout_cave_shapes, minmay_shoals_entry_centaurs
Lair:4:   layout_loops_ring, guppyfry_snake_entry_garden, basic_altar,
          beast_lair_carwin_5
Lair:5:   layout_regular_city, slime_altar_2
Lair:6:   evil_forest, layout_regular_city, grunt_megastairs_2
Shoals:1: layout_shoals, serial_shops, nicolae_shop_crystal, st_shoals_ruin,
          uniq_josephine
Shoals:2: gammafunk_sealed_arena, layout_shoals, nicolae_shoals_hunting_party
Shoals:3: layout_shoals
Shoals:4: shoals_end_grunt_ice, layout_shoals, shoals_ilsuiw_alternative
Snake:1:  layout_basic, serial_shops, shop, grunt_megastairs_4,
          serial_bayou_shore_b, minmay_shop_grove
Snake:2:  layout_rooms, portal_ice_cave_entry_pillars_four, st_stairs_4
Snake:3:  layout_gridlike, grunt_ministairs_1, grunt_megastairs_3,
          uniq_bai_suzhen, uniq_roxanne, uniq_aizul
Snake:4:  snake_pit_salamanders_mu, layout_chambers, lemuel_fruit_tree,
          minmay_shoptagon, serial_bayou_shore_b
Orc:1:    layout_diamond_mine, serial_shops, shop, hellmonk_bongcloud_opening
Orc:2:    st_orc_rangers, layout_caves, rock_pile
Elf:1:    eino_elf_arrival_customs, layout_onion_city, serial_shops,
          nicolae_shop_stone, minmay_elf_annihilation, st_stairs_4,
          grunt_ministairs_10, nicolae_elf_w_pinch, uniq_louise, uniq_frances
Elf:2:    layout_gridlike
Elf:3:    grunt_elf_hall_branching, layout_onion_city, serial_shops, shop, shop,
          shop, shop, shop, statue_in_the_mist_lemuel, st_stairs_4
Vaults:1: ontoclasm_vaults_shuriken, ontoclasm_vaults_fault,
          ontoclasm_vaults_tryst, st_diamondy, nicolae_vaults_network_s,
          v_misc_8, nicolae_vaults_network_barrier, hangedman_vaults_capsules,
          dpeg_vaults_monster_row, nicolae_vaults_yaktaur_gun_rack,
          vaults_mumra_chevron_long, nicolae_vaults_big_ls,
          layout_vaults_maze_bifur, serial_shops,
          nicolae_shop_overgrown_old_shop
Vaults:2: hangedman_vaults_pinch, nicolae_vaults_network_square,
          hangedman_vaults_trim, minmay_crypt_entry_simple_corners,
          ontoclasm_vaults_loading_screen, v_rooms_5, v_misc_26,
          vaults_mumra_minichess_inversion, hangedman_vaults_corner_blocks,
          v_misc_15, ontoclasm_vaults_shout, layout_vaults_big_cross
Vaults:3: nicolae_vaults_octagons, nicolae_vaults_hallways_thing,
          hangedman_vaults_maws, hangedman_vaults_river_flow, v_pattern_4,
          vaults_room_door_hall, v_misc_16, layout_vaults_omnigrid,
          serial_shops, shop, uniq_frederick, uniq_nikola
Vaults:4: gammafunk_vaults_ghost_split, vaults_room_grid, v_misc_16,
          grunt_vaults_bifocal, nicolae_vaults_holding_cells, v_rooms_5,
          v_misc_30, nicolae_vaults_three_branches,
          nicolae_vaults_network_periphery, ontoclasm_vaults_idyll, v_misc_22,
          dpeg_vaults_monster_box, ontoclasm_vaults_hangar,
          ontoclasm_vaults_claustrophobia, layout_vaults_omnibox, serial_shops,
          nicolae_shop_trees
Vaults:5
Depths:1: layout_gridlike, chequers_decorated_corner, grunt_hell_entry_dis_mu,
          minmay_misc_feat_nine_boxes, minmay_swirly_circle
Depths:2: minmay_triangles_in_corner, layout_gridlike, hell_entry, serial_shops,
          shop, infiniplex_staircase_river, grunt_megastairs_1, firewood_loft
Depths:3: minmay_tri_stars, layout_basic, enter_ziggurat_d, abyss_entry,
          lightli_too_deep, pan_entry, good_gods_temple_1,
          fake_guardian_serpent_vault
Depths:4: minmay_the_grid_four_pointed_star
          [minmay_the_grid_triangle_9x9_zippers_vertical,
          minmay_the_grid_triangle_9x9_alien,
          minmay_the_grid_triangle_9x9_wacky_v,
          minmay_the_grid_triangle_9x9_sprig,
          minmay_the_grid_prize_inner_circle], layout_basic,
          abyss_entry_crystal, serial_curves, eino_curves_04, eino_curves_03,
          eino_curves_04, serial_shops, kennysheep_mini, shop, hell_entry,
          grunt_dithmenos_smoke, hangedman_decor_points
Depths:5: evilmike_zot_entry_diamond, layout_basic, serial_shops,
          nicolae_shop_stone, pf_coc_iceberg, minmay_strange_pillars,
          lemuel_zombie_altar_yredelemnul, grunt_megastairs_5,
          kennysheep_random_hallway
Zot:1:    ebering_klown_carousel, layout_concentric_octagons,
          st_small_dragon_hoard_3
Zot:2:    layout_cathedral_of_symmetry
Zot:3:    layout_onion_interference
Zot:4:    layout_basic
Zot:5:    layout_onion

Skill      XL: |  1  2  3  4  5  6  7  8  9 10 11 12 13 14 15 16 17 18 19 20 21 22 23 24 25 26 27 |
---------------+----------------------------------------------------------------------------------+-----
Shields        | 4 5 6 7 9 10 15 | 15.0
Long Blades    | 3 5 6 8 10 11 12 13 14 15 16 17 18 19 20 | 20.0
Evocations     | 3 5 6 9 10 11 12 13 14 15 19 | 19.1
Dodging        | 3 4 6 8 9 10 11 12 13 14 15 18 | 18.0
Fighting       | 5 6 8 10 11 12 13 14 15 16 17 18 20 22 | 22.8
Armour         | 5 6 8 10 11 12 13 14 15 16 17 18 20 22 | 22.8
Throwing       | 2 4 6 8 9 11 13 14 16 | 16.0
Stealth        | 3 8 9 10 15 | 15.0

Action                   |  1- 3 |  4- 6 |  7- 9 | 10-12 | 13-15 | 16-18 | 19-21 | 22-24 | 25-27 || total
-------------------------+-------+-------+-------+-------+-------+-------+-------+-------+-------++-------
Melee: Long sword        |    90 |    67 |   214 |   436 |   665 |       |       |       |       ||  1472
       Dagger            |       |       |    63 |    21 |    47 |    38 |     3 |       |       ||   172
       Great sword       |       |       |       |       |   219 |   820 |  1005 |   948 |  1330 ||  4322
       Rapier            |       |       |       |       |       |     4 |       |       |       ||     4
 Fire: Hunting sling     |       |    37 |    37 |   207 |    10 |       |       |       |       ||   291
       Arbalest          |       |       |       |    19 |       |       |       |       |       ||    19
Throw: Stone             |    26 |       |     2 |       |    10 |       |       |       |       ||    38
       Dart              |       |       |     9 |   180 |   496 |    53 |    15 |     2 |       ||   755
       Throwing net      |       |       |       |     1 |       |       |     3 |     3 |     1 ||     8
       Javelin           |       |       |       |     6 |    34 |   156 |    42 |   153 |   389 ||   780
Invok: Potion Petition   |       |       |       |     1 |       |     1 |     1 |     1 |     1 ||     5
       Call Merchant     |       |       |       |       |       |       |       |       |     6 ||     6
       Bribe Branch      |       |       |       |       |       |       |       |       |     2 ||     2
 Abil: Dig               |     1 |     1 |     8 |     4 |     2 |    10 |     7 |     1 |    39 ||    73
       Shaft Self        |       |       |       |       |       |       |       |       |     2 ||     2
Evoke: Wand              |       |       |     4 |    33 |    25 |     4 |    19 |     8 |     3 ||    96
       Piece from Xom's  |       |       |       |       |    12 |     1 |       |       |       ||    13
       Tin of tremorston |       |       |       |       |       |     1 |     1 |     1 |     2 ||     5
       Condenser vane    |       |       |       |       |       |     1 |     3 |     2 |     2 ||     8
       Box of beasts     |       |       |       |       |       |       |     1 |     1 |       ||     2
       Phial of floods   |       |       |       |       |       |       |       |       |     2 ||     2
       Phantom mirror    |       |       |       |       |       |       |       |       |     1 ||     1
  Use: Scroll            |     3 |     2 |     7 |    14 |     8 |     8 |     4 |     8 |    17 ||    71
       Potion            |       |     1 |     3 |     3 |       |     2 |     3 |     1 |     5 ||    18
 Stab: Distracted        |       |       |     1 |     4 |    22 |     9 |     6 |     4 |    17 ||    63
       Invisible         |       |       |       |     2 |       |     2 |     7 |       |       ||    11
       Paralysed         |       |       |       |     6 |     6 |     4 |       |       |       ||    16
       Sleeping          |       |       |       |     5 |     1 |    16 |       |       |     1 ||    23
       Petrified         |       |       |       |       |     1 |       |       |       |       ||     1
       Held in net/web   |       |       |       |       |       |       |     1 |     2 |       ||     3
Armor: Scale mail        |    13 |       |       |       |       |       |       |       |       ||    13
       Chain mail        |    22 |    27 |    29 |    36 |   135 |    30 |       |       |       ||   279
       Skin              |       |     2 |    27 |     9 |       |    23 |       |       |       ||    61
       Ring mail         |       |       |    66 |       |       |       |       |       |       ||    66
       Swamp dragon scal |       |       |       |    83 |    92 |       |       |       |       ||   175
       Quicksilver drago |       |       |       |       |       |    82 |       |       |       ||    82
       Plate armour      |       |       |       |       |       |    51 |   202 |   182 |   217 ||   652
       Pearl dragon scal |       |       |       |       |       |       |       |       |    36 ||    36
Dodge: Dodged            |    16 |    17 |    76 |   115 |   202 |   198 |   259 |   197 |   313 ||  1393
       Repelled          |       |       |       |       |       |       |    12 |     1 |       ||    13
Block: Kite shield       |    44 |    45 |   152 |   257 |   542 |   450 |   279 |       |       ||  1769
       Reflection        |       |       |       |       |    88 |    42 |    24 |       |       ||   154
       Tower shield      |       |       |       |       |       |       |   271 |   764 |  1005 ||  2040
       Rpst.: Long sword |     6 |     3 |    16 |    21 |    27 |       |       |       |       ||    73
       Great sword       |       |       |       |       |    10 |    42 |    52 |    24 |    50 ||   178

Table legend: (Time is in decaauts)
 A = Elapsed time spent in this place.
 B = Non-inter-level travel time spent in this place.
 C = Inter-level travel time spent in this place.
 D = Time resting spent in this place.
 E = Time spent auto-exploring this place.
 F = Levels seen in this place.
 G = Mean time per level.
                   A        B        C        D        E       F      G
               +--------+--------+--------+--------+--------+-----+--------+
         Total |  87565 |  78515 |   9050 |  14404 |  37022 |  53 | 1652.2 |
       Dungeon |  24301 |  20676 |   3625 |   4571 |   6830 |  15 | 1620.1 |
        Temple |    402 |    390 |     12 |      0 |    351 |   1 |  402.0 |
          Lair |  10808 |   9670 |   1138 |    889 |   5807 |   6 | 1801.3 |
        Shoals |   6301 |   6076 |    225 |   1330 |   3146 |   4 | 1575.2 |
     Snake Pit |   8601 |   7448 |   1153 |   2040 |   2749 |   4 | 2150.2 |
  Orcish Mines |   2885 |   2380 |    505 |    669 |    784 |   2 | 1442.5 |
   Elven Halls |   5804 |   5544 |    260 |    508 |   2993 |   3 | 1934.7 |
        Vaults |   9055 |   7995 |   1060 |    549 |   5518 |   5 | 1811.0 |
        Depths |   8998 |   8313 |    685 |   1123 |   5483 |   5 | 1799.6 |
           Zot |   8435 |   8050 |    385 |   2167 |   2885 |   5 | 1687.0 |
       Ossuary |    330 |    330 |      0 |      2 |    169 |   1 |  330.0 |
      Ice Cave |    982 |    982 |      0 |    487 |    149 |   1 |  982.0 |
      Gauntlet |    656 |    656 |      0 |     67 |    158 |   1 |  656.0 |
               +--------+--------+--------+--------+--------+-----+--------+

Top non-repeatable levels by time:
 Snake:4: 3301 daAuts
  Lair:6: 2829 daAuts
   Zot:5: 2717 daAuts
    D:10: 2556 daAuts
    D:11: 2549 daAuts
     D:9: 2430 daAuts
Depths:5: 2292 daAuts
     D:8: 2258 daAuts
   Elf:3: 2180 daAuts
   Elf:2: 2055 daAuts
Shoals:3: 2040 daAuts
    D:14: 2001 daAuts
 Snake:3: 1978 daAuts
Vaults:3: 1961 daAuts
Shoals:4: 1920 daAuts
